 Dungeon Crawl Stone Soup version 0.18.1-48-g4cf74bf (webtiles) character file.

10884 lawna the Blocker (level 11, -1/109 HPs)
             Began as a Gargoyle Fighter on Sept 2, 2016.
             Was a High Priest of the Shining One.
             Slain by an eight-headed hydra (3 damage)
             ... on level 3 of the Lair of Beasts.
             The game lasted 01:19:19 (9905 turns).

lawna the Blocker (Gargoyle Fighter)                Turns: 9905, Time: 01:19:21

Health: -1/109     AC: 30    Str: 24    XL:     11   Next: 69%
Magic:  11/11      EV:  2    Int:  8    God:    the Shining One [*****.]
Gold:   283        SH: 15    Dex:  9    Spells: 0 memorised, 10 levels left

rFire  x . .     SeeInvis +     w - +4 morningstar (protect)
rCold  + . .     Gourm    .     (armour currently unavailable)
rNeg   + + +     Faith    +     c - +3 shield
rPois  ∞         Spirit   .     (helmet currently unavailable)
rElec  .         Dismiss  .     (cloak currently unavailable)
rCorr  .         Reflect  .     (gloves currently unavailable)
SustAt .         Harm     .     (boots currently unavailable)
MR     .....     NoTele   +     A - amulet of faith
Stlth  +.........               q - ring of ice
                                b - ring of see invisible

@: tree-form, glowing, not resistant to hostile enchantments, very unstealthy
A: negative energy resistance 1, (electricity resistance), (unbreathing),
petrification resistance, rot immunity, AC +7
a: Divine Shield, Cleansing Flame, Summon Divine Warrior, Renounce Religion


You were on level 3 of the Lair of Beasts.
You worshipped the Shining One.
The Shining One was extremely pleased with you.
You were not hungry.
You were a tree.
You visited 2 branches of the dungeon, and saw 12 of its levels.

You collected 566 gold pieces.
You spent 283 gold pieces at shops.

Inventory:

Hand Weapons
 w - a +4 morningstar of protection (weapon)
 x - a +1 mace of protection
Armour
 a - a +0 helmet
 c - a +3 shield (worn)
 t - the +2 pair of boots "Voamy" (melded) {MR+}
   (You acquired it on level 7 of the Dungeon)

   It affects your resistance to hostile enchantments.
 v - a +0 plate armour
 E - a +2 cloak (melded)
 L - a +1 hat (melded)
 P - a +2 plate armour of fire resistance
Rods
 X - a +0 iron rod (10/10)
   (You found it on level 2 of the Lair of Beasts)
Jewellery
 b - a ring of see invisible (left branch)
 h - an uncursed amulet of guardian spirit
 p - an uncursed ring of protection from fire
 q - a ring of ice (right branch)
 A - an amulet of faith (around neck)
 D - an uncursed ring of protection from fire
 J - an uncursed ring of positive energy {unknown}
Wands
 s - a wand of lightning (9/15)
 I - a wand of flame (23/48)
 R - a wand of iceblast (5/15)
Scrolls
 e - 4 scrolls of immolation
 g - 3 scrolls of random uselessness
 i - 2 scrolls of recharging
 j - a scroll of magic mapping
 k - 10 scrolls of identify
 r - 5 scrolls of remove curse
 y - 2 scrolls of teleportation
 G - 3 scrolls of amnesia
 N - a scroll of vulnerability {unknown}
Potions
 d - 3 potions of might
 m - a potion of brilliance {unknown}
 n - a potion of cancellation
 B - 2 potions of magic {unknown}
 C - 2 potions of agility {unknown}
 H - 2 potions of lignification
 K - a potion of resistance {unknown}
 M - a potion of beneficial mutation {unknown}
 Q - 2 potions of curing
 S - a potion of flight {unknown}
 T - a potion of cure mutation
 V - a potion of invisibility {unknown}
Books
 z - a book of Annihilations

   Spells                             Type                      Level
   a - Poison Arrow                   Conjuration/Poison           6
   b - Chain Lightning                Conjuration/Air              8
   c - Lehudib's Crystal Spear        Conjuration/Earth            8
   d - Glaciate                       Conjuration/Ice              9
   e - Fire Storm                     Conjuration/Fire             9
Miscellaneous
 F - a fan of gales
 O - a phantom mirror
Comestibles
 f - 10 bread rations
 l - 2 slices of pizza
 o - 2 beef jerkies
 u - 17 fruits
 W - a meat ration


   Skills:
 + Level 10.5 Fighting
 + Level 9.4 Maces & Flails
 + Level 10.2 Armour
 + Level 10.6 Shields


You had 10 spell levels left.
You didn't know any spells.

Dungeon Overview and Level Annotations

Branches:
Dungeon (10/15)            Temple (0/1) D:4            Lair (3/8) D:10
  Swamp: Lair:3-6    Shoals: Lair:3-6     Snake: Lair:3-6    Spider: Lair:3-6
    Orc: D:9-12

Altars:
Fedhas
Pakellas
The Shining One

Shops:
D:8 (


Innate Abilities, Weirdness & Mutations

You are resistant to torment.
((Your stone body is resilient (AC +7).))
You are immune to poison.
You resist negative energy.
((You are resistant to electric shocks.))
((You can survive without breathing.))
You are immune to petrification.
You are immune to rotting.


Message History

* * * LOW HITPOINT WARNING * * *
You bludgeon the eight-headed hydra!!
The eight-headed hydra is almost dead.
You block the eight-headed hydra's attack.
The eight-headed hydra bites you but does no damage. x3
The eight-headed hydra bites you.
* * * LOW HITPOINT WARNING * * *
The eight-headed hydra bites you.
* * * LOW HITPOINT WARNING * * *
You block the eight-headed hydra's attack.
The eight-headed hydra bites you but does no damage.
You block the eight-headed hydra's attack.
The eight-headed hydra bites you but does no damage. x3
The eight-headed hydra bites you!
* * * LOW HITPOINT WARNING * * *
The eight-headed hydra bites you but does no damage.
The eight-headed hydra bites you. The Shining One protects you from harm!
The eight-headed hydra bites you.
You die...

# # ##.### #.#.
###....#### ###P
#...###.........# ....
#. #.P..........# .....
...#.....##.....# .P...
#.......####...## ..#...
.#.......###...###...P..
.........##.....#.......
.>........#.....♣.......
#...............D.......
#.......................
........................
........................
....#P..................
.................P#.....
.....(..................
.................


You could see an eight-headed hydra.

Vanquished Creatures
  2 hydras (Lair:2)
  A hill giant (D:10)
  2 spiny frogs
  A komodo dragon (Lair:1)
  A troll (D:10)
  A two-headed ogre (D:9)
  A polar bear (Lair:2)
  3 blink frogs (Lair:1)
  A shadow (D:10)
  2 steam dragons (D:10)
  3 hippogriffs
  2 wargs (D:10)
  4 water moccasins
  7 porcupines
  An ice beast (D:7)
  2 sky beasts
  A phantom (D:8)
  2 ogres
  2 orc warriors
  7 necrophages
  3 crocodiles
  7 centaurs
  The ghost of Heedrag the Conjurer, an amateur DECj (D:4)
  A big kobold (D:7)
  6 giant frogs
  2 wyvern zombies
  2 scorpions
  8 wights
  2 electric eels (D:8)
  4 crimson imps
  A giant frog skeleton (D:7)
  A giant frog zombie (D:5)
  2 hounds
  A centaur skeleton (D:9)
  2 centaur zombies
  6 orc priests
  2 jellies
  7 iguanas
  5 orc wizards
  6 worker ants
  8 sheep (Lair:3)
  A hound skeleton (D:9)
  A worker ant zombie (D:5)
  14 adders
  20 river rats
  A shadow imp (D:9)
  An adder zombie (D:10)
  6 worms
  A dart slug (D:3)
  3 giant geckos
  26 orcs
  2 bats
  4 giant cockroaches
  5 goblins
  6 hobgoblins
  4 jackals
  3 quokkas
  3 ball pythons (D:4)
  A giant gecko zombie (D:8)
  3 giant newts
  14 kobolds
  8 rats
250 creatures vanquished.

Notes
Turn   | Place    | Note
--------------------------------------------------------------
     0 | D:1      | lawna the Gargoyle Fighter began the quest for the Orb.
     0 | D:1      | Reached XP level 1. HP: 14/14 MP: 1/1
   171 | D:1      | Reached XP level 2. HP: 19/19 MP: 2/2
   500 | D:2      | Reached XP level 3. HP: 20/23 MP: 3/3
   581 | D:2      | Gained mutation: You are agile. (Dex +2) [potion of mutation]
   581 | D:2      | Gained mutation: You expend magic power (3 MP) to strengthen your wands. [potion of mutation]
   581 | D:2      | Gained mutation: You have a pair of small antennae on your head. [potion of mutation]
   676 | D:2      | Found a glowing golden altar of the Shining One.
  1054 | D:3      | Reached XP level 4. HP: 29/29 MP: 4/4
  1061 | D:3      | Found a glowing golden altar of the Shining One.
  1093 | D:3      | Became a worshipper of the Shining One
  1897 | D:3      | Reached XP level 5. HP: 34/34 MP: 5/5
  1974 | D:4      | Noticed Heedrag's ghost (amateur DECj)
  1986 | D:4      | Killed Heedrag's ghost
  2406 | D:4      | Found a staircase to the Ecumenical Temple.
  2638 | D:4      | Found a glowing drain.
  2884 | D:5      | Entered Level 5 of the Dungeon
  2894 | D:5      | Reached XP level 6. HP: 32/40 MP: 6/6
  2981 | D:5      | Reached skill level 5 in Fighting
  3035 | D:5      | Reached * piety under the Shining One
  3055 | D:5      | Reached skill level 5 in Shields
  3058 | D:5      | Reached XP level 7. HP: 37/44 MP: 7/7
  3100 | D:5      | Reached skill level 5 in Armour
  3208 | D:5      | You fall through a shaft for 2 floors!
  3208 | D:7      | Found an oddly glowing altar of Pakellas.
  3481 | D:7      | Reached XP level 8. HP: 51/51 MP: 8/8
  3834 | D:7      | Reached skill level 5 in Maces & Flails
  3919 | D:7      | Identified a scroll of acquirement
  3922 | D:7      | Got a pair of brightly glowing boots
  3928 | D:7      | Identified the +2 pair of boots "Voamy" {MR+} (You acquired it on level 7 of the Dungeon)
  4360 | D:8      | Reached ** piety under the Shining One
  4460 | D:8      | Found Daashy's Weapon Shoppe.
  4469 | D:8      | Bought a +3 morningstar of protection for 283 gold pieces
  4515 | D:8      | Reached XP level 9. HP: 56/57 MP: 9/9
  5155 | D:8      | Found a blossoming altar of Fedhas.
  5389 | D:9      | Noticed a two-headed ogre
  5396 | D:9      | Killed a two-headed ogre
  5908 | D:9      | Reached *** piety under the Shining One
  6287 | D:10     | Entered Level 10 of the Dungeon
  6289 | D:10     | Noticed a hill giant
  6306 | D:10     | Found a staircase to the Lair.
  6307 | D:10     | Reached **** piety under the Shining One
  6326 | D:10     | Reached XP level 10. HP: 46/65 MP: 10/10
  6405 | D:10     | Lost mutation: You expend magic power (3 MP) to strengthen your wands. [potion of cure mutation]
  6405 | D:10     | Lost mutation: You have a pair of small antennae on your head. [potion of cure mutation]
  6405 | D:10     | Lost mutation: You are agile. (Dex +2) [potion of cure mutation]
  6410 | D:10     | Killed a hill giant
  7167 | Lair:1   | Entered Level 1 of the Lair of Beasts
  8056 | Lair:1   | Noticed a spiny frog
  8064 | Lair:1   | Killed a spiny frog
  8064 | Lair:1   | Reached XP level 11. HP: 55/72 MP: 11/11
  8416 | Lair:2   | Noticed an eight-headed hydra
  8417 | Lair:2   | Found a labyrinth entrance.
  8652 | Lair:2   | HP: 2/72 [eight-headed hydra (14)]
  8653 | Lair:2   | Killed an eight-headed hydra
  8653 | Lair:2   | Reached skill level 10 in Shields
  8692 | Lair:2   | Reached ***** piety under the Shining One
  8697 | Lair:2   | Reached skill level 10 in Fighting
  8980 | Lair:2   | Noticed a five-headed hydra
  8987 | Lair:2   | Killed a five-headed hydra
  9198 | Lair:2   | Reached skill level 10 in Armour
  9891 | Lair:3   | Noticed an eight-headed hydra
  9905 | Lair:3   | HP: 2/109 [eight-headed hydra (7)]
  9905 | Lair:3   | The Shining One protects you from harm!
  9905 | Lair:3   | Slain by an eight-headed hydra

Skill      XL: |  1  2  3  4  5  6  7  8  9 10 11 |
---------------+----------------------------------+-----
Fighting       | 4 5 7 8 9 10 | 10.5
Armour         | 4 5 6 8 9 10 | 10.2
Shields        | 4 5 7 8 9 10 | 10.6
Maces & Flails | 3 4 5 7 8 9 |  9.4

Action                   |  1- 3 |  4- 6 |  7- 9 | 10-12 || total
-------------------------+-------+-------+-------+-------++-------
Melee: Flail             |    79 |    88 |       |       ||   167
       Mace              |       |    91 |   219 |       ||   310
       Morningstar       |       |       |   158 |   313 ||   471
  Use: Scroll            |     6 |     4 |    10 |     2 ||    22
       Potion            |     2 |       |     6 |     6 ||    14
  Eat: Meat ration       |     1 |       |     1 |     1 ||     3
       Chunk             |       |     2 |     3 |     2 ||     7
       Fruit             |       |       |     4 |     1 ||     5
       Bread ration      |       |       |       |     1 ||     1
Armor: Scale mail        |    41 |    67 |   115 |       ||   223
       Plate armour      |       |       |    98 |     2 ||   100
       Skin              |       |       |       |   188 ||   188
Dodge: Dodged            |    25 |    48 |   116 |   150 ||   339
Block: Shield            |    49 |   118 |   264 |   335 ||   766
